 Dungeon Crawl Stone Soup version 0.31-a0-196-g86fe4a5e66 (console) character file.

Game seed: 11397431108399738703

2 petzl the Sneak (level 1, -4/18 HPs)
             Began as a Formicid Delver on June 24, 2023.
             Slain by a lemure (5 damage)
             ... led by Pikel
             ... on level 5 of the Dungeon.
             The game lasted 00:02:15 (413 turns).

petzl the Sneak (Formicid Delver)                    Turns: 413, Time: 00:02:16

Health: -4/18      AC:  3    Str: 16    XL:     1   Next: 33%
Magic:  1/1        EV: 12    Int:  9    God:
Gold:   37         SH:  0    Dex: 15    Spells: 0/0 levels left

rFire   . . .        a - +0 mace
rCold   . . .        (no shield)
rNeg    . . .        b - +0 leather armour
rPois   .            (helmet unavailable)
rElec   .            (no cloak)
rCorr   .            (no gloves)
SInv    +            (no boots)
Will    .....        (no amulet)
Stlth   +++          g - +4 ring of slaying
HPRegen 0.23/turn    (no ring)
MPRegen 0.07/turn

%: no passive effects
@: no status effects
A: permanent stasis, dig shafts and tunnels, antennae 3, four strong arms
a: Dig, Shaft Self


You were on level 5 of the Dungeon.
You visited 1 branch of the dungeon, and saw 3 of its levels.

You collected 37 gold pieces.

Inventory:

Hand Weapons
 a - a +0 mace (weapon)
Armour
 b - a +0 leather armour (worn)
Jewellery
 g - a +4 ring of slaying (left hand)
Wands
 f - a wand of digging (2)
Scrolls
 c - a scroll of fog
 d - a scroll of revelation
 e - a scroll of fear
 h - a scroll of blinking {unknown}


   Skills:
 + Level 3.3 Fighting
 + Level 2.0 Maces & Flails
 + Level 1.8 Dodging
 + Level 6.0 Stealth


You couldn't memorise any spells.
You didn't know any spells.
Your spell library contained the following spells:

 Spells                   Type           Power      Damage    Failure   Level
 Slow                     Hex            0%         N/A       45%         1
 Confusing Touch          Hex            0%         N/A       83%         3
 Vampiric Draining        Necr           0%         2d6       83%         3


Dungeon Overview and Level Annotations

Branches:
Dungeon (6/15)
 Temple: D:4-7

Altars:

Annotations:
D:4 Pikel
D:5 exclusions: adder, downstairs and upstairs, Eustachio


Innate Abilities, Weirdness & Mutations

You cannot be hasted, slowed, berserked, paralysed or teleported.
You can dig through walls and to a lower floor.
You have a pair of large antennae on your head. (SInv)
Your four strong arms can wield two-handed weapons with a shield.


Message History

Found a scroll labelled OCLUNE INYCERA.
Found 13 gold pieces.
h - a scroll labelled OCLUNE INYCERA You now have 37 gold pieces (gained 13).
There is a stone staircase leading up here.
You climb upwards.
Level annotation: Pikel
There is a stone staircase leading down here.
The lemure hits you but does no damage.
You climb downwards.
Level annotation: exclusions: adder and downstairs, Eustachio
There is a stone staircase leading up here.
Press: ? - help, v - describe, . - travel A stone staircase leading up.
Placed new exclusion.
Reduced exclusion size to a single square.
Unknown command.
Unknown command.
You thump the lemure!
The lemure is moderately wounded.
The lemure barely misses you.
You hit the lemure.
The lemure is heavily wounded.
The lemure barely misses you. The lemure hits you.
You hit the lemure.
The lemure is severely wounded.
The lemure hits you.
You miss the lemure.
The lemure is severely wounded.
The lemure hits you!
You aren't carrying any potions.
Unknown command.
Unknown command.
Unknown command.
You sock the lemure!
The lemure is almost dead.
The lemure hits you.
* * * LOW HITPOINT WARNING * * *
The lemure hits you.
You die...

{ ......#.## #...# ........ #.#
###.# #. #.##.## #.# #.# #. #.##.#
##'## #.# #.#..##.# ##...## #.#
####..#.##.###>....## #####.###
........##.##..)....## #.......#
#.###....##.#.........####...#.#.#
............'.........+........#.#
.####...####.........####...#.#.#
#....# ##.......## #.....#.#
#.##.# ##.....## #.#####.# #. #.#
##...## #.#####.# # #.# ##'##
#.......# ..# #.# #.####### ###
#.# ######.# ##.###......#
##...##.###### #@5...#.# ##...##.#
.######.###.# ............#
#######.##### #.# #.# #.# #.#
###### #.# #..o.# ##.########
##### #.##.# ##### #.........#
##...##
#.##.####...###..##.###.###.###.#
#o#....o..#..).>............# #.#
#.#..####...##......###.###.###.#
#)...# #######...#####.# ##...##
###.######### #.........# ##.##
#####.##......# ##.######## #.##
#........####.# #.# #..#


You could see a lemure.

Vanquished Creatures
  An orc (D:5)
1 creature vanquished.

Notes
Turn   | Place    | Note
-------+----------+-------------------------------------------
     0 | D:5      | petzl the Formicid Delver began the quest for the Orb.
     0 | D:5      | Reached XP level 1. HP: 18/18 MP: 1/1
    24 | D:6      | Noticed a jelly
   108 | D:5      | Noticed Eustachio
   109 | D:5      | Noticed an iron imp
   120 | D:4      | Noticed Pikel
   120 | D:4      | Noticed a lemure
   120 | D:4      | Noticed a lemure
   120 | D:4      | Noticed a lemure
   121 | D:4      | Noticed a lemure
   129 | D:4      | You fall into a shaft and drop 1 floor!
   132 | D:5      | Noticed a scorpion
   142 | D:5      | Noticed a hound
   172 | D:6      | Noticed a centaur
   413 | D:5      | Slain by a lemure

Illustrated notes

Levels and vault maps discovered:
D:4:      layout_basic, nicolae_ru_great_annihilating_truth,
          mainiacjoe_overflow_six_doors_small, cheibrodos_worm_habitat,
          roderic_serpentine_path, uniq_menkaure, uniq_blork_the_orc, uniq_pikel
D:5:      layout_loops_corners, kennysheep_generic_room_5, uniq_eustachio,
          uniq_sigmund
D:6:      layout_cave_pools, minmay_manual_mail

Action                     || total
---------------------------++-------
  Melee: Mace              ||     6
Ability: Shaft Self        ||     1
  Evoke: Wand              ||     1
 Armour: Leather armour    ||     2
  Dodge: Dodged            ||     3

Table legend: (Time is in decaauts)
 A = Elapsed time spent in this place.
 B = Non-inter-level travel time spent in this place.
 C = Inter-level travel time spent in this place.
 D = Time resting spent in this place.
 E = Time spent auto-exploring this place.
 F = Levels seen in this place.
 G = Mean time per level.
                   A        B        C        D        E       F      G
               +--------+--------+--------+--------+--------+-----+--------+
         Total |    415 |    348 |     67 |     43 |     45 |   3 |  138.3 |
       Dungeon |    415 |    348 |     67 |     43 |     45 |   3 |  138.3 |
               +--------+--------+--------+--------+--------+-----+--------+

Top non-repeatable levels by time:
     D:5: 400 daAuts
     D:4: 11 daAuts
     D:6: 3 daAuts
